 Dungeon Crawl Stone Soup version 0.27-a0-553-ge0ab5a2769 (webtiles) character file.

Game seed: 12987187675103997871

471 Gaff the Stinger (level 6, 0/41 HPs)
             Began as a Demonspawn Venom Mage on Mar 8, 2021.
             Was an Initiate of Gozag.
             Slain by a phantom (8 damage)
             ... on level 3 of the Dungeon.
             The game lasted 00:13:22 (5562 turns).

Gaff the Stinger (Demonspawn Venom Mage)            Turns: 5562, Time: 00:13:24

Health: 0/41       AC:  2    Str:  8    XL:     6   Next: 83%
Magic:  13/13      EV: 12    Int: 18    God:    Gozag
Gold:   224        SH:  0    Dex: 14    Spells: 11/14 levels left

rFire    . . .     SeeInvis .   p - +0 long sword
rCold    . . .     Faith    .   (no shield)
rNeg     . . .     Spirit   .   a - +0 robe
rPois    .         Reflect  .   (helmet restricted)
rElec    .         Harm     .   (no cloak)
rCorr    .         Rampage  .   (no gloves)
Will     .....                  (no boots)
Stlth    ++........             (no amulet)
HPRegen  0.13/turn              y - ring of wizardry
MPRegen  0.26/turn              (no ring)

@: no status effects
A: horns 1, talons 1, powered by pain 1, magic regeneration
a: Renounce Religion, Potion Petition, Call Merchant, Bribe Branch


You were on level 3 of the Dungeon.
You worshipped Gozag.
Gozag was aware of your devotion.
You visited 2 branches of the dungeon, and saw 6 of its levels.
You also visited: Sewer.

You collected 293 gold pieces.
You paid 69 gold pieces to Gozag.

Inventory:

Hand Weapons
 f - a +0 club
 h - a +0 dagger
 m - a +0 short sword of draining
 p - a +0 long sword (weapon)
 z - a +0 long sword
Missiles
 k - 51 stones
Armour
 a - a +0 robe (worn)
Jewellery
 o - a ring of fire
 y - a ring of wizardry (left hand)
Scrolls
 e - a scroll of immolation
 j - a scroll of fear
 l - 2 scrolls of teleportation
 u - 2 scrolls of magic mapping
 x - a scroll of fog {unknown}
 A - a scroll of random uselessness
Potions
 b - a potion of invisibility {unknown}
 c - 2 potions of mutation {unknown}
 d - a potion of haste {unknown}
 g - a potion of berserk rage {unknown}
 i - 2 potions of heal wounds {unknown}
 n - a potion of ambrosia {unknown}
 q - 2 potions of cancellation {unknown}
 r - a potion of lignification
 s - 3 potions of curing {unknown}
 t - 2 potions of might {unknown}
 v - a potion of magic {unknown}
 w - a potion of brilliance {unknown}


   Skills:
 - Level 0.5 Short Blades
 - Level 2.0 Dodging
 - Level 1.8 Stealth
 + Level 4.6 Spellcasting
 - Level 0.8 Transmutations
 + Level 1.8 Air Magic
 + Level 5.4 Poison Magic


You had 11 spell levels left.
You knew the following spells:

 Your Spells              Type           Power      Damage    Failure   Level
a - Sting                 Tmut/Pois      60%        1d6       1%          1
b - Poisonous Vapours     Pois/Air       34%        N/A       1%          2

Your spell library contained the following spells:

 Spells                   Type           Power      Damage    Failure   Level
 Animate Skeleton         Necr           8%         N/A       6%          1
 Apportation              Tloc           8%         N/A       6%          1
 Corona                   Hex            4%         N/A       6%          1
 Summon Small Mammal      Summ           16%        N/A       6%          1
 Mephitic Cloud           Conj/Pois/Air  13%        N/A       6%          3
 Olgreb's Toxic Radiance  Pois           23%        N/A       6%          4
 Ignite Poison            Fire/Tmut/Pois 11%        N/A       7%          3


Dungeon Overview and Level Annotations

Branches:
Dungeon (5/15)             Temple (1/1) D:5           Sewer (visited)

Altars:
Ashenzari
Cheibriados
Elyvilon
Fedhas
Gozag
Kikubaaqudgha
Makhleb
Nemelex Xobeh
Okawaru
Ru
Sif Muna
Trog
Uskayaw
Vehumet
Wu Jian
Xom
The Shining One

Annotations:
D:4 Dowan, Duvessa


Innate Abilities, Weirdness & Mutations

You have a pair of small horns on your head.
You have sharp toenails.
You sometimes gain a little power by taking damage.
You regenerate magic rapidly.


Message History

But poisonous vapours would do no harm to the phantom!
Unknown command.
There is a stone staircase leading up here.
You closely miss the phantom. The phantom hits you.
You barely miss the phantom. You claw the phantom, but do no damage.
The phantom closely misses you.
You miss the phantom. Your headbutt misses the phantom. The phantom hits you!
You closely miss the phantom. The phantom hits you.
You barely miss the phantom. Your headbutt misses the phantom.
The phantom closely misses you.
You barely miss the phantom. You claw the phantom.
The phantom is lightly damaged.
The phantom hits you.
The phantom blinks!
You blink.
Found a square amethyst amulet.
You closely miss the phantom.
The phantom is lightly damaged.
The phantom closely misses you.
You closely miss the phantom. You claw the phantom, but do no damage.
The phantom is lightly damaged.
The phantom misses you.
You hit the phantom. Your headbutt misses the phantom.
The phantom is lightly damaged.
The phantom hits you.
The phantom blinks!
You blink.
The phantom barely misses you.
There is a stone staircase leading up, spattered with blood here.
The phantom barely misses you.
You climb upwards.
There is a stone staircase leading down here.
You hit the phantom.
The phantom is moderately damaged.
The phantom hits you. The phantom hits you!
* * * LOW HITPOINT WARNING * * *
p - a +0 long sword (weapon)
You miss the phantom. You claw the phantom.
The phantom is moderately damaged.
The phantom hits you.
* * * LOW HITPOINT WARNING * * *
The phantom blinks!
You blink.
The phantom hits you!
You die...
Your body crumbles into a pile of gold.

# #...# #.# #.# ###.###
#.##########.#
....##########............#
#..............############
##############.# #.#
#.##################
#.#.W....ยงยง>....<..#
#.#@##############.# #.#.#
#.. #...# ### #####


You could see a phantom.

Vanquished Creatures
  An ogre (D:4)
  2 hounds
  3 orc wizards
  A worker ant (D:4)
  A mummy (D:4)
  4 river rats (Sewer)
  8 adders
  An ooze (D:1)
  3 worms
  A dart slug (D:3)
  8 orcs
  4 bats (D:3)
  6 giant cockroaches
  6 goblins
  5 hobgoblins
  6 jackals
  3 quokkas
  4 ball pythons
  15 frilled lizards
  A hobgoblin zombie (D:4)
  9 kobolds
  3 orc zombies (D:4)
  7 rats
102 creatures vanquished.

Notes
Turn   | Place    | Note
-------+----------+-------------------------------------------
     0 | D:1      | Gaff the Demonspawn Venom Mage began the quest for the Orb.
     0 | D:1      | Reached XP level 1. HP: 13/13 MP: 3/3
   428 | D:1      | Gained mutation: You have a pair of small horns on your
                  | head. [demonic ancestry]
   428 | D:1      | Reached XP level 2. HP: 19/19 MP: 3/5
  1445 | D:2      | Gained mutation: You sometimes gain a little power by
                  | taking damage. [demonic ancestry]
  1445 | D:2      | Reached XP level 3. HP: 13/24 MP: 2/7
  1583 | D:2      | Reached skill level 4 in Poison Magic
  1653 | D:2      | Gained mutation: You regenerate magic rapidly. [demonic
                  | ancestry]
  1653 | D:2      | Reached XP level 4. HP: 25/30 MP: 5/8
  2166 | D:2      | Found a bloodstained altar of Trog.
  2331 | D:3      | Found a glowing drain.
  2357 | Sewer    | Entered a sewer
  2587 | Sewer    | Reached XP level 5. HP: 3/35 MP: 7/10
  3339 | D:3      | Learned a level 2 spell: Poisonous Vapours
  4081 | D:4      | Noticed an ogre
  4089 | D:5      | Entered Level 5 of the Dungeon
  4089 | D:5      | Found a staircase to the Ecumenical Temple.
  4102 | D:5      | Reached skill level 5 in Poison Magic
  4113 | Temple   | Entered the Ecumenical Temple
  4119 | Temple   | Became a worshipper of Gozag Ym Sagoz the Greedy
  4293 | D:5      | Noticed a troll
  4336 | D:4      | Killed an ogre
  4337 | D:4      | Reached skill level 1 in Air Magic
  4337 | D:4      | Gained mutation: You have sharp toenails. [demonic
                  | ancestry]
  4337 | D:4      | Reached XP level 6. HP: 20/41 MP: 2/12
  4694 | D:4      | Noticed Duvessa
  4695 | D:4      | Noticed Dowan
  5562 | D:3      | Slain by a phantom

Illustrated notes

Levels and vault maps discovered:
D:1:      dpeg_arrival_pits, layout_basic, serial_glass, glass_columns_b,
          glass_columns_a
D:2:      minmay_angry_zag, layout_basic, gammafunk_temple_overflow_wave
D:3:      layout_loops_ring, cheibrodos_sewer_entry_drain, serial_aquarium,
          aquarium_bridge_straight [aquarium_subvault_bridge,
          aquarium_subvault_wall, aquarium_subvault_bridge,
          aquarium_subvault_wall], aquarium_window_corner, aquarium_window_fake,
          aquarium_window_fake, aquarium_view_2b, aquarium_balcony_double_2,
          aquarium_pool_2
D:4:      lemuel_upstairs_altar, layout_layer_cave, lemuel_doored_altar,
          minmay_misc_feat_room, minmay_mini_ossuary, uniq_duvessa, uniq_robin
D:5:      layout_loops_ring, kennysheep_little_box,
          minmay_temple_entry_offerings, serial_shops, nicolae_shop_statue_plus,
          minmay_ogre_servants
Temple:   minmay_freezing_vapour_temple

Skill      XL: |  1  2  3  4  5 |
---------------+----------------+-----
Dodging        | 2 |  2.0
Poison Magic   | 4 5 |  5.4
Spellcasting   | 3 4 |  4.6
Air Magic      | 1 |  1.8
Short Blades   | |  0.5
Stealth        | |  1.8
Transmutations | |  0.8

Action                   |  1- 3 |  4- 6 || total
-------------------------+-------+-------++-------
Melee: Unarmed           |     7 |       ||     7
       Dagger            |    18 |       ||    18
       Short sword       |    14 |   131 ||   145
       Headbutt          |     1 |    16 ||    17
       Kick              |       |     9 ||     9
       Long sword        |       |     1 ||     1
 Cast: Sting             |    36 |    40 ||    76
       Poisonous Vapours |       |    51 ||    51
  Use: Scroll            |       |     7 ||     7
 Stab: Sleeping          |     1 |     4 ||     5
       Distracted        |       |     1 ||     1
Armor: Robe              |    11 |    25 ||    36
Dodge: Dodged            |    36 |   132 ||   168

Table legend: (Time is in decaauts)
 A = Elapsed time spent in this place.
 B = Non-inter-level travel time spent in this place.
 C = Inter-level travel time spent in this place.
 D = Time resting spent in this place.
 E = Time spent auto-exploring this place.
 F = Levels seen in this place.
 G = Mean time per level.
                   A        B        C        D        E       F      G
               +--------+--------+--------+--------+--------+-----+--------+
         Total |   5636 |   5429 |    207 |   2095 |   2094 |   7 |  805.1 |
       Dungeon |   4699 |   4492 |    207 |   1644 |   1891 |   5 |  939.8 |
        Temple |     84 |     84 |      0 |     64 |      0 |   1 |   84.0 |
         Sewer |    852 |    852 |      0 |    387 |    202 |   1 |  852.0 |
               +--------+--------+--------+--------+--------+-----+--------+

Top non-repeatable levels by time:
     D:3: 1533 daAuts
     D:2: 1383 daAuts
     D:1: 1107 daAuts
   Sewer: 852 daAuts
     D:4: 519 daAuts
     D:5: 155 daAuts
  Temple: 84 daAuts
